 Dungeon Crawl Stone Soup version 0.30-a0-6-g7c9e10e132 (webtiles) character file.

Game seed: 4705095125217083957

777 ders the Digger (level 7, -3/36 HPs)
             Began as a Gargoyle Earth Elementalist on Aug 22, 2022.
             Slain by a yak (10 damage)
             ... on level 5 of the Dungeon.
             The game lasted 00:05:32 (5325 turns).

ders the Digger (Gargoyle Earth Elementalist)       Turns: 5325, Time: 00:05:33

Health: -3/36      AC:  6    Str: 11    XL:     7   Next: 84%
Magic:  2/14       EV: 11    Int: 18    God:
Gold:   29         SH:  0    Dex: 10    Spells: 9/15 levels left

rFire   . . .      SeeInvis .    o - +0 dagger (chaos)
rCold   . . .      Faith    .    (no shield)
rNeg    + . .      Spirit   .    a - +0 robe
rPois   ∞          Reflect  .    (no helmet)
rElec   +          Harm     .    (no cloak)
rCorr   .          Rampage  .    (no gloves)
Will    .....                    (no boots)
Stlth   ++........               (no amulet)
HPRegen 0.12/turn                (no ring)
MPRegen 0.14/turn                (no ring)

@: no status effects
A: sickness immunity, AC +4, negative energy resistance 1, electricity
resistance, torment resistance 1, petrification resistance
a: no special abilities


You were on level 5 of the Dungeon.
You visited 1 branch of the dungeon, and saw 5 of its levels.

You collected 188 gold pieces.
You spent 159 gold pieces at shops.

Inventory:

Hand Weapons
 o - a +0 dagger of chaos (weapon)
Armour
 a - a +0 robe (worn)
Jewellery
 d - a ring of protection from cold
 k - a ring of flight
 l - a ring of magical power
Wands
 s - a wand of roots (10)
Scrolls
 f - 3 scrolls of identify
 g - 2 scrolls of noise {unknown}
 h - a scroll of fog {unknown}
 j - 5 scrolls of teleportation
 m - a scroll of blinking {unknown}
 n - a scroll of immolation {unknown}
 p - a scroll of enchant weapon {unknown}
 q - a scroll of vulnerability {unknown}
Potions
 b - a potion of magic
 c - a potion of brilliance {unknown}
 e - a potion of attraction {unknown}
 i - 2 potions of curing {unknown}
 r - 4 potions of heal wounds {unknown}
 t - a potion of invisibility {unknown}
 u - a potion of flight {unknown}


   Skills:
 - Level 1.5 Dodging
 - Level 2.1 Stealth
 + Level 4.8 Spellcasting
 + Level 5.1 Conjurations
 - Level 0.7 Transmutations
 + Level 6.8 Earth Magic


You had 9 spell levels left.
You knew the following spells:

 Your Spells              Type           Power      Damage    Failure   Level
a - Sandblast             Erth           58%        2d13      1%          1
b - Stone Arrow           Conj/Erth      52%        3d10      3%          3
c - Passwall              Tmut/Erth      15%        N/A       4%          2

Your spell library contained the following spells:

 Spells                   Type           Power      Damage    Failure   Level
 Apportation              Tloc           8%         N/A       14%         1
 Necrotise                Necr           16%        1d4       14%         1
 Summon Small Mammal      Summ           16%        N/A       14%         1
 Petrify                  Tmut/Erth      18%        N/A       28%         4


Dungeon Overview and Level Annotations

Branches:
Dungeon (5/15)
 Temple: D:4-7

Altars:
Cheibriados
Qazlal
Uskayaw
Wu Jian
Xom

Shops:
D:5 =*(*


Innate Abilities, Weirdness & Mutations

You are immune to sickness and miasma.
Your stone body is resilient. (AC +4)
You are immune to poison.
You resist negative energy. (rN+)
You are resistant to electric shocks. (rElec)
You are resistant to unholy torment.
You are immune to petrification.


Message History

A hobgoblin is nearby!
You climb downwards.
The yak gores you!
There is a stone staircase leading up here.
Casting: Stone Arrow (dangerous; 3% risk of failure)
Confirm with . or Enter, or press ? or * to list all spells.
Aiming: Stone Arrow (dangerous; 3% risk of failure)
Press: ? - help, Shift-Dir - straight line, f - yak
Aim: a yak (83% to hit)
The stone arrow hits the yak!!
The yak is heavily wounded.
The yak gores you.
Unknown command.
Casting: Stone Arrow (dangerous; 3% risk of failure)
Confirm with . or Enter, or press ? or * to list all spells.
Aiming: Stone Arrow (dangerous; 3% risk of failure)
Press: ? - help, Shift-Dir - straight line, f/p - yak
Aim: a yak (heavily wounded, 83% to hit)
The stone arrow hits the yak.
The yak is heavily wounded.
The yak gores you.
Unknown command.
Casting: Stone Arrow (dangerous; 3% risk of failure)
Confirm with . or Enter, or press ? or * to list all spells.
Aiming: Stone Arrow (dangerous; 3% risk of failure)
Press: ? - help, Shift-Dir - straight line, f/p - yak
Aim: a yak (heavily wounded, 83% to hit)
The stone arrow hits the yak!
The yak is severely wounded.
The yak gores you!
* * * LOW HITPOINT WARNING * * *
Unknown command.
Casting: Stone Arrow (dangerous; 3% risk of failure)
Confirm with . or Enter, or press ? or * to list all spells.
Aiming: Stone Arrow (dangerous; 3% risk of failure)
Press: ? - help, Shift-Dir - straight line, f/p - yak
Aim: a yak (severely wounded, 83% to hit)
The stone arrow hits the yak!
The yak is almost dead.
The yak gores you!
You die...

........................####..###
........#...............(........
.>.8....#...............###.#####
........#.........(..........##..
.∩......#................).......
.........(..........>.[........##
.<.8.......................).###
............#..Y###.##.......#
.##...†.<.#...#.@........#.######
..............#..###.[...........
###........#.....# ###...#.......
#..............###....##....###
#.........#.............[.#.##
####..#..##.#........###.....##
##...##.........#.##..##...#
##..##...##......##.......#
#.#.......##.#........(.#


You could see a yak.

Vanquished Creatures
  A black bear (D:5)
  An ogre (D:4)
  A phantom (D:4)
  2 necrophages
  2 crimson imps (D:3)
  A jelly (D:4)
  2 hounds
  3 iguanas
  4 adders
  A shadow imp (D:5)
  2 white imps (D:5)
  An ufetubus (D:5)
  A worm (D:2)
  2 dart slugs
  9 orcs
  8 endoplasms
  5 giant cockroaches
  6 hobgoblins
  3 jackals (D:1)
  4 kobolds
  6 quokkas
  7 ball pythons
  3 bats
  4 frilled lizards
  6 goblins
  6 rats
91 creatures vanquished.

Vanquished Creatures (others)
  2 plants (D:3)
2 creatures vanquished.

Grand Total: 93 creatures vanquished

Notes
Turn   | Place    | Note
-------+----------+-------------------------------------------
     0 | D:1      | ders the Gargoyle Earth Elementalist began the quest for
                  | the Orb.
     0 | D:1      | Reached XP level 1. HP: 10/10 MP: 3/3
   188 | D:1      | Reached XP level 2. HP: 15/15 MP: 0/5
   273 | D:1      | Reached skill level 1 in Conjurations
   448 | D:1      | Found a faded altar of an unknown god.
   463 | D:1      | Reached skill level 4 in Earth Magic
   887 | D:1      | Reached XP level 3. HP: 17/19 MP: 0/6
  2320 | D:3      | Reached XP level 4. HP: 24/24 MP: 5/8
  3002 | D:3      | Found a shimmering altar of Xom.
  3011 | D:3      | Reached XP level 5. HP: 28/28 MP: 5/9
  3302 | D:3      | Found an ornate altar of the Wu Jian Council.
  3303 | D:3      | Found a snail-covered altar of Cheibriados.
  3304 | D:3      | Found a hide-covered altar of Uskayaw.
  3305 | D:3      | Found a stormy altar of Qazlal.
  3400 | D:3      | Reached skill level 5 in Earth Magic
  3655 | D:4      | Reached XP level 6. HP: 30/32 MP: 5/11
  4002 | D:4      | Reached skill level 6 in Earth Magic
  4002 | D:4      | Reached XP level 7. HP: 36/36 MP: 10/13
  4006 | D:4      | Learned a level 3 spell: Stone Arrow
  4009 | D:4      | Learned a level 2 spell: Passwall
  4570 | D:5      | Entered Level 5 of the Dungeon
  4570 | D:5      | Found Uhoz's Jewellery Shoppe.
  4839 | D:5      | Reached skill level 5 in Conjurations
  4883 | D:5      | Found Ylutha's Assorted Antiques.
  4889 | D:5      | Found Nudwam's Weapon Emporium.
  4891 | D:5      | Found Wacevvaf's General Store.
  4895 | D:5      | Bought a scroll of teleportation for 75 gold pieces
  4899 | D:5      | Bought a scroll of teleportation for 42 gold pieces
  4899 | D:5      | Bought a scroll of teleportation for 42 gold pieces
  5113 | D:5      | Noticed a yak
  5325 | D:5      | Slain by a yak

Illustrated notes

Levels and vault maps discovered:
D:1:      matt_arrival_grand_opening, layout_rooms,
          hellmonk_ecumenical_altar_zigzags, kennysheep_pointless_box,
          minmay_tree_intersection
D:2:      layout_basic
D:3:      layout_loops_corners, minitemple, led_xom_imps, roderic_roman_lattice,
          serial_bayou_lagoon_a, chequers_serial_rivers_small_a
D:4:      layout_loops_ring
D:5:      layout_rooms, grunt_dithmenos_shadows, serial_shops,
          nicolae_stop_n_shop_2, nicolae_wooded_promenade,
          minmay_manual_monstrance

Skill      XL: |  1  2  3  4  5  6  7 |
---------------+----------------------+-----
Conjurations   | 1 2 3 4 5 |  5.1
Earth Magic    | 4 5 6 |  6.8
Spellcasting   | 3 4 |  4.8
Dodging        | |  1.5
Stealth        | |  2.1
Transmutations | |  0.7

Action                   |  1- 3 |  4- 6 |  7- 9 || total
-------------------------+-------+-------+-------++-------
Melee: Unarmed           |    29 |     2 |       ||    31
 Cast: Sandblast         |    58 |    53 |    24 ||   135
       Stone Arrow       |       |       |    17 ||    17
  Use: Scroll            |       |     2 |       ||     2
Armor: Robe              |    25 |     9 |    13 ||    47
Dodge: Dodged            |    45 |    14 |    17 ||    76

Table legend: (Time is in decaauts)
 A = Elapsed time spent in this place.
 B = Non-inter-level travel time spent in this place.
 C = Inter-level travel time spent in this place.
 D = Time resting spent in this place.
 E = Time spent auto-exploring this place.
 F = Levels seen in this place.
 G = Mean time per level.
                   A        B        C        D        E       F      G
               +--------+--------+--------+--------+--------+-----+--------+
         Total |   5398 |   5232 |    166 |    411 |   4219 |   5 | 1079.6 |
       Dungeon |   5398 |   5232 |    166 |    411 |   4219 |   5 | 1079.6 |
               +--------+--------+--------+--------+--------+-----+--------+

Top non-repeatable levels by time:
     D:4: 1319 daAuts
     D:2: 1214 daAuts
     D:3: 1144 daAuts
     D:1: 1123 daAuts
     D:5: 596 daAuts
